 Dungeon Crawl Stone Soup version 0.19.0-9-gfd783f2 (webtiles) character file.

1631 Gingerlord the Grappler (level 8, -3/70 HPs)
             Began as a Ghoul Monk on Nov 7, 2016.
             Was a Priest of Okawaru.
             Killed by divine providence
             ... invoked by an orc priest
              (10 damage)
             ... on level 6 of the Dungeon.
             The game lasted 00:12:34 (5224 turns).

Gingerlord the Grappler (Ghoul Monk)                Turns: 5224, Time: 00:12:34

Health: -3/70      AC:  8    Str: 15    XL:     8   Next: 98%
Magic:  0/7        EV: 12    Int:  5    God:    Okawaru [***...]
Gold:   219        SH:  0    Dex: 13    Spells: 0 memorised, 7 levels left

rFire  . . .     SeeInvis .       - Unarmed
rCold  + . .     Gourm    .     g - +0 scale mail
rNeg   + + +     Faith    .     (no shield)
rPois  ∞         Spirit   +     o - +0 helmet
rElec  .         Reflect  .     (no cloak)
rCorr  .         Harm     .     (no gloves)
MR     .....                    (no boots)
Stlth  +.........               r - amulet of guardian spirit
                                (no ring)
                                d - ring of wizardry

@: rotting
A: rotting body, claws 1, carnivore 3, cold resistance 1, negative energy
resistance 3, slow regeneration 1, torment resistance, unbreathing
a: Heroism, Renounce Religion


You were on level 6 of the Dungeon.
You worshipped Okawaru.
Okawaru was most pleased with you.
You were not hungry.

You visited 1 branch of the dungeon, and saw 6 of its levels.

You collected 306 gold pieces.
You spent 87 gold pieces at shops.

Inventory:

Armour
 g - a +0 scale mail (worn)
 o - a +0 helmet (worn)
Jewellery
 d - a ring of wizardry (left claw)
 r - an amulet of guardian spirit (around neck)
 y - an uncursed ring of ice {unknown}
Wands
 w - a wand of disintegration (13/24)
Scrolls
 a - a scroll of amnesia
 h - 2 scrolls of remove curse
 j - 2 scrolls of fear {unknown}
 l - 2 scrolls of magic mapping {unknown}
 m - a scroll of teleportation {unknown}
 n - a scroll of enchant armour {unknown}
 p - 2 scrolls of blinking {unknown}
 t - 2 scrolls of identify
 u - a scroll of enchant weapon {unknown}
 v - a scroll of immolation {unknown}
Potions
 c - 2 potions of heal wounds
 e - a potion of brilliance
 f - 4 potions of cure mutation {unknown}
 k - a potion of flight
 q - a potion of might {unknown}
 s - 3 potions of curing
 x - a potion of agility {unknown}
Comestibles
 b - 3 meat rations
 i - a beef jerky


   Skills:
 + Level 6.2 Fighting
 + Level 4.3 Armour
 + Level 5.3 Dodging
 - Level 2.1 Stealth
 * Level 8.2 Unarmed Combat


You had 7 spell levels left.
You didn't know any spells.

Dungeon Overview and Level Annotations

Branches:
Dungeon (6/15)
 Temple: D:4-7

Altars:
Ashenzari
Fedhas
Hepliaklqana
Okawaru
Sif Muna
Trog

Shops:
D:5 *


Innate Abilities, Weirdness & Mutations

Your body is rotting away.
You thrive on raw meat.
You are immune to poison.
You have sharp fingernails.
You are carnivorous and can eat meat at any time.
Your flesh is cold resistant. (rC+)
You are immune to negative energy. (rN+++)
You regenerate slowly when monsters are visible.
You are immune to unholy pain and torment.
You can survive without breathing.


Message History

You scratch something. Something hits you but does no damage.
Unknown command.
You claw something! Okawaru accepts your kill.
Reactivating autopickup.
You feel a bit more experienced.
The orc warrior hits you from afar with a halberd.
The orc priest begins to cast a cantrip, but forgets the words!
The orc priest calls down the wrath of Beogh upon you.
Beogh smites you!
The orc warrior hits you with a halberd!
The orc priest calls down the wrath of Beogh upon you.
Beogh smites you!
* * * LOW HITPOINT WARNING * * *
Unknown command.
The orc warrior hits you from afar with a halberd!
* * * LOW HITPOINT WARNING * * *
The orc priest calls down the wrath of Beogh upon you.
Beogh smites you!
You die... oo

#. #F# #.# #.#
######.##
....#.oo##########..
#...ooFo..@.......
###..o##########..
##†## #.########
#........#
########.# #.# #.#
#.#


You could see an orc warrior, a bullfrog, an orc priest, 2 orc wizards and 2
orcs.

Vanquished Creatures
  Pikel (D:4)
  Grinder (D:6)
  An ice beast (D:5)
  An ogre (D:5)
  2 centaurs (D:5)
  The ghost of jejorda2 the Skirmisher, an amateur VSFi (D:4)
  2 hounds (D:4)
  2 orc priests
  4 orc wizards
  Terence (D:3)
  Natasha (twice) (D:4)
  A worker ant (D:4)
  6 adders
  3 gnolls (D:5)
  A howler monkey skeleton (D:5)
  An ooze (D:3)
  An adder skeleton (D:4)
  3 worms
  A dart slug (D:3)
  5 leopard geckos
  27 orcs
  2 giant cockroaches
  10 goblins
  12 hobgoblins
  3 jackals (D:3)
  13 kobolds
  6 quokkas
  4 ball pythons
  10 bats
  7 frilled lizards
  A leopard gecko skeleton (D:4)
  A quokka skeleton (D:4)
  9 rats
145 creatures vanquished.

Vanquished Creatures (others)
  Natasha (D:4)
1 creature vanquished.

Grand Total: 146 creatures vanquished

Notes
Turn   | Place    | Note
-------+----------+-------------------------------------------
     0 | D:1      | Gingerlord the Ghoul Monk began the quest for the Orb.
     0 | D:1      | Reached XP level 1. HP: 19/19 MP: 0/0
   308 | D:1      | Reached XP level 2. HP: 17/25 MP: 1/1
   953 | D:2      | Reached XP level 3. HP: 31/33 MP: 2/2
  1280 | D:2      | Found a hazy altar of Hepliaklqana.
  1311 | D:2      | Reached skill level 1 in Armour
  1603 | D:2      | Reached skill level 4 in Unarmed Combat
  1603 | D:2      | Reached XP level 4. HP: 34/40 MP: 3/3
  2161 | D:3      | Reached XP level 5. HP: 42/46 MP: 4/4
  2211 | D:3      | Noticed Terence
  2272 | D:3      | Killed Terence
  2759 | D:4      | Found a blossoming altar of Fedhas.
  2852 | D:4      | Noticed Natasha
  2861 | D:4      | Killed Natasha
  2861 | D:4      | Reached skill level 5 in Unarmed Combat
  2861 | D:4      | Reached XP level 6. HP: 44/53 MP: 5/5
  3089 | D:4      | Found a deep blue altar of Sif Muna.
  3133 | D:4      | Noticed jejorda2's ghost (amateur VSFi)
  3155 | D:4      | Killed jejorda2's ghost
  3273 | D:4      | Noticed a slave
  3273 | D:4      | Noticed a slave
  3273 | D:4      | Noticed a slave
  3274 | D:4      | Noticed Pikel
  3331 | D:5      | Entered Level 5 of the Dungeon
  3446 | D:5      | Found Assekys's Assorted Antiques.
  3455 | D:5      | Bought a scroll of remove curse for 87 gold pieces
  3638 | D:5      | Noticed an ice beast
  3649 | D:5      | Killed an ice beast
  3649 | D:5      | Reached skill level 5 in Fighting
  3649 | D:5      | Reached XP level 7. HP: 56/61 MP: 6/6
  3702 | D:5      | Reached skill level 6 in Unarmed Combat
  4212 | D:5      | Found a shattered altar of Ashenzari.
  4343 | D:5      | Found a bloodstained altar of Trog.
  4344 | D:5      | Found an iron altar of Okawaru.
  4364 | D:5      | Became a worshipper of Warmaster Okawaru
  4364 | D:5      | Reached * piety under Okawaru
  4364 | D:5      | Reached ** piety under Okawaru
  4563 | D:4      | Reached XP level 8. HP: 37/68 MP: 4/7
  4597 | D:4      | Noticed Natasha
  4601 | D:4      | Killed Natasha
  4670 | D:4      | Found a bloodstained altar of Trog.
  4732 | D:4      | Reached skill level 7 in Unarmed Combat
  4858 | D:4      | Killed Pikel
  4858 | D:4      | Reached *** piety under Okawaru
  4858 | D:4      | Reached skill level 5 in Dodging
  5095 | D:4      | Noticed Natasha
  5099 | D:4      | Killed Natasha
  5185 | D:6      | Noticed Grinder
  5195 | D:6      | Killed Grinder
  5195 | D:6      | Reached skill level 8 in Unarmed Combat
  5224 | D:6      | Killed from afar by an orc priest

Skill      XL: |  1  2  3  4  5  6  7  8 |
---------------+-------------------------+-----
Dodging        | 3 4 5 |  5.3
Armour         | 1 2 3 4 |  4.3
Fighting       | 4 5 6 |  6.2
Unarmed Combat | 4 5 6 8 |  8.2
Stealth        | |  2.1

Action                   |  1- 3 |  4- 6 |  7- 9 || total
-------------------------+-------+-------+-------++-------
Melee: Unarmed           |   125 |   242 |   230 ||   597
       Punch             |     1 |     2 |     7 ||    10
Invok: Heroism           |       |       |     1 ||     1
  Use: Scroll            |     1 |     8 |       ||     9
 Stab: Sleeping          |     3 |       |       ||     3
  Eat: Chunk             |     5 |    18 |    18 ||    41
Armor: Robe              |     2 |       |       ||     2
       Scale mail        |    58 |    96 |    62 ||   216
Dodge: Dodged            |    71 |   106 |   115 ||   292
